 Dungeon Crawl Stone Soup version 0.23-a0-239-g84a5ed292d (webtiles) character file.

112 Lepercus the Insei (level 5, 0/41 HPs)
             Began as a Human Monk on Sept 26, 2018.
             Slain by a hound (4 damage)
             ... on level 4 of the Dungeon.
             The game lasted 00:16:18 (2531 turns).

Lepercus the Insei (Human Monk)                     Turns: 2531, Time: 00:16:21

Health: 0/41       AC:  3    Str: 12    XL:     5   Next: 16%
Magic:  5/5        EV: 14    Int: 10    God:
Gold:   133        SH:  0    Dex: 16    Spells: 4/4 levels left

rFire    . . .     SeeInvis .     - Unarmed
rCold    . . .     Gourm    .   (no shield)
rNeg     . . .     Faith    +   a - +1 robe
rPois    .         Spirit   .   (no helmet)
rElec    .         Reflect  .   (no cloak)
rCorr    .         Harm     .   (no gloves)
MR       .....                  (no boots)
Stlth    ++........             d - amulet of faith
HPRegen  0.13/turn              (no ring)
MPRegen  0.09/turn              (no ring)

@: flying
A: no striking features
a: no special abilities


You were on level 4 of the Dungeon.
You were not hungry.

You visited 1 branch of the dungeon, and saw 4 of its levels.

You collected 133 gold pieces.

Inventory:

Hand Weapons
 k - a cursed -2 short sword
Armour
 a - a +1 robe (worn)
 h - a +0 leather armour
 j - a +0 leather armour
Jewellery
 d - an amulet of faith (around neck)
Scrolls
 f - 2 scrolls of amnesia
 g - a scroll of identify
 o - 3 scrolls of teleportation
Comestibles
 b - 2 rations


   Skills:
 - Level 3.0 Fighting
 + Level 3.9 Dodging
 - Level 2.0 Stealth
 * Level 4.8 Unarmed Combat


You had 4 spell levels left.
You didn't know any spells.
Your spell library was empty.

Dungeon Overview and Level Annotations

Branches:
Dungeon (4/15)
 Temple: D:4-7

Altars:
Vehumet

Annotations:
D:4 Ijyb


Message History

Ijyb closely misses you.
You hit Ijyb.
Ijyb is heavily wounded.
The hound barks!
Ijyb barely misses you.
You barely miss Ijyb.
Ijyb is heavily wounded.
Ijyb hits you with a dagger.
* * * LOW HITPOINT WARNING * * *
You hit Ijyb but do no damage.
Ijyb is heavily wounded.
An adder comes into view.
The hound closely misses you.
Ijyb zaps a wand.
You resist with some effort.
You closely miss Ijyb.
Ijyb is heavily wounded.
The adder hisses angrily.
The hound bites you.
* * * LOW HITPOINT WARNING * * *
The hound bites you.
You die...

..........##
...........
..........#
..........#
........ .....
#..## #g@.#
#..h.......
#..........
#$......§###
).S......≈#
...........≈#
.).........#.§§
.............##


You could see Ijyb, a hound and an adder.

Vanquished Creatures
  4 gnolls (D:3)
  An adder (D:3)
  2 oozes (D:3)
  2 worms
  A dart slug (D:1)
  A leopard gecko (D:3)
  3 ball pythons
  4 goblins
  6 hobgoblins
  6 bats
  8 frilled lizards
  8 kobolds
  8 rats
54 creatures vanquished.

Notes
Turn   | Place    | Note
-------+----------+-------------------------------------------
     0 | D:1      | Lepercus the Human Monk began the quest for the Orb.
     0 | D:1      | Reached XP level 1. HP: 18/18 MP: 1/1
     1 | D:1      | Noticed an electric eel
   107 | D:1      | Reached XP level 2. HP: 23/24 MP: 2/2
   819 | D:2      | Reached XP level 3. HP: 27/29 MP: 3/3
  1497 | D:3      | Reached skill level 4 in Unarmed Combat
  1757 | D:3      | Reached XP level 4. HP: 17/35 MP: 4/4
  1929 | D:3      | Found a radiant altar of Vehumet.
  1970 | D:3      | Reached XP level 5. HP: 20/41 MP: 5/5
  2497 | D:3      | Noticed Ijyb
  2531 | D:4      | Slain by a hound

Vault maps used:
D:1:      arrival_aquarium_a
D:2:      skrybe_limestone_x
D:3:      vehumet_crystals, minmay_fountain_box, uniq_crazy_yiuf_cottage,
          uniq_ijyb, uniq_jessica
D:4:      first_ration, gammafunk_ghost_stat_death, grunt_qazlal_sundering,
          uniq_sigmund, uniq_grinder

Skill      XL: |  1  2  3 |
---------------+----------+-----
Unarmed Combat | 4 |  4.8
Fighting       | |  3.0
Dodging        | |  3.9
Stealth        | |  2.0

Action                   |  1- 3 |  4- 6 || total
-------------------------+-------+-------++-------
Melee: Unarmed           |   128 |    61 ||   189
       Punch             |     3 |     1 ||     4
  Use: Scroll            |     7 |       ||     7
       Potion            |       |     5 ||     5
 Stab: Sleeping          |     3 |       ||     3
       Distracted        |     1 |       ||     1
  Eat: Chunk             |     1 |     1 ||     2
       Ration            |     1 |       ||     1
Armor: Robe              |    20 |     6 ||    26
Dodge: Dodged            |   112 |    39 ||   151

Table legend:
 A = Non-vault XP
 B = Vault XP
 C = Vault XP percentage of total XP
 D = Non-vault monster count
 E = Vault monster count
 F = Vault count percentage of total count
                 A         B        C        D         E       F
            +---------+---------+-------+---------+---------+-------
      Total |     160 |       0 |   0.0 |      54 |       0 |   0.0
            +---------+---------+-------+---------+---------+-------
        D:1 |      22 |       0 |   0.0 |      15 |       0 |   0.0
        D:2 |      26 |       0 |   0.0 |      16 |       0 |   0.0
        D:3 |     112 |       0 |   0.0 |      23 |       0 |   0.0
            +---------+---------+-------+---------+---------+-------
